 Dungeon Crawl Stone Soup version 0.31.0-9-g3a7656b989 (webtiles) character file.

Game seed: 13823770381028288722

5739 Kass the Fighter (level 10, -7/87 (110) HPs)
             Began as an Oni Brigand on Jan 30, 2024.
             Was an Initiate of Gozag.
             Mangled by a black mamba (13 damage)
             ... on level 1 of the Lair of Beasts.
             The game lasted 00:30:20 (12065 turns).

Kass the Fighter (Oni Brigand)                     Turns: 12065, Time: 00:30:21

HP:   -7/87 (110)   AC:  4    Str: 27    XL:     10   Next: 77%
MP:   0/10          EV: 11    Int: 12    God:    Gozag
Gold: 884           SH:  0    Dex: 10    Spells: 6/9 levels left

rFire   . . .        A - +4 dagger (venom)
rCold   . . .        (no shield)
rNeg    . . .        b - +0 robe
rPois   .            (helmet restricted)
rElec   .            c - +0 cloak
rCorr   .            (gloves unavailable)
SInv    .            (boots unavailable)
Will    +....        i - amulet of guardian spirit
Stlth   +++          x - +6 ring of strength
HPRegen 0.34/turn    y - ring of wizardry
MPRegen 0.12/turn

%: guardian spirit, wizardry (x1)
@: lethally poisoned (-7 -> -29), heavily drained
A: large, unfitting armour, horns 1, tough skin 1, double potion healing,
drunken brawling
a: Renounce Religion, Potion Petition, Call Merchant, Bribe Branch


You were on level 1 of the Lair of Beasts.
You worshipped Gozag.
Gozag was pleased with you.
You visited 3 branches of the dungeon, and saw 10 of its levels.

You collected 972 gold pieces.
You paid 88 gold pieces to Gozag.

Inventory:

Hand Weapons
 a - a +2 dagger
 v - a +0 dagger of speed
 w - a +1 dagger of electrocution
 A - a +4 dagger of venom (weapon)
Missiles
 e - a curare-tipped dart
Armour
 b - a +0 robe (worn)
 c - a +0 cloak (worn)
Jewellery
 i - an amulet of guardian spirit (around neck)
 n - an amulet of reflection
 x - a +6 ring of strength (left hand)
 y - a ring of wizardry (right hand)
Wands
 d - a wand of flame (23)
 B - a wand of mindburst (21)
Scrolls
 f - 7 scrolls of identify
 h - 3 scrolls of noise
 k - 3 scrolls of fear
 l - 2 scrolls of vulnerability {unknown}
 m - a scroll of acquirement {unknown}
 o - 5 scrolls of teleportation {unknown}
 r - a scroll of enchant weapon {unknown}
 t - 2 scrolls of revelation {unknown}
 C - a scroll of poison {unknown}
 D - a scroll of blinking {unknown}
 F - a scroll of amnesia {unknown}
 G - a scroll of immolation {unknown}
Potions
 j - 2 potions of berserk rage {unknown}
 p - 4 potions of brilliance
 s - 2 potions of attraction {unknown}
 u - a potion of heal wounds {unknown}
 z - a potion of magic {unknown}
 E - a potion of might
 H - 2 potions of invisibility {unknown}
 I - a potion of enlightenment {unknown}


   Skills:
 + Level 9.9 Fighting
 + Level 5.9 Short Blades
 + Level 7.5 Throwing
 + Level 6.6 Dodging
 + Level 6.7 Stealth
 + Level 1.0 Necromancy


You had 6 spell levels left.
You knew the following spells:

 Your Spells              Type           Power      Damage    Failure   Level
a - Kiss of Death         Conj/Necr      4%         2d5       11%         1
b - Cigotuvi's Dreadful   Necr/Alch/Air  0%         N/A       17%         2

Your spell library contained the following spells:

 Spells                   Type           Power      Damage    Failure   Level
 Confusing Touch          Hex            0%         N/A       36%         3
 Dispel Undead            Necr           2%         3d7       61%         4
 Martyr's Knell           Necr/Summ      1%         N/A       69%         4
 Death Channel            Necr           1%         N/A       100%        6


Dungeon Overview and Level Annotations

Branches:
Dungeon (8/15)             Temple (1/1) D:5            Lair (1/5) D:8

Altars:
Ashenzari
Cheibriados
Dithmenos
Elyvilon
Fedhas
Gozag
Hepliaklqana
Kikubaaqudgha
Okawaru
Qazlal
Sif Muna
Trog
Uskayaw
Vehumet
Wu Jian
Yredelemnul
Zin

Shops:
D:2 =   D:3 (   D:5 :

Annotations:
D:7 2 transporters, Mandevil's ghost, novice AtCj


Innate Abilities, Weirdness & Mutations

You are too large for most types of armour.
You have a pair of small horns on your head.
You have tough skin. (AC +1)
You gain doubled healing and magic from potions.
Whenever you drink a healing potion, you attack all around you.


Message History

The black mamba poisons you!
You feel very sick. The black mamba bites you.
* * * LOW HITPOINT WARNING * * *
You are lethally poisoned!
The black mamba poisons you!
Casting: Kiss of Death (safe; 11% risk of failure)
Confirm with . or Enter, or press ? or * to list all spells.
A part of your flesh rots into a cloud of miasma!
You feel drained.
* * * LOW HITPOINT WARNING * * *
You feel extremely sick. The black mamba barely misses you.
* * * LOW HITPOINT WARNING * * *
You feel very sick.
* * * LOW HITPOINT WARNING * * *
You feel very sick.
* * * LOW HITPOINT WARNING * * *
You feel very sick.
* * * LOW HITPOINT WARNING * * *
You feel very sick.
You savour every drop.
You feel better. The black mamba bites you!
* * * LOW HITPOINT WARNING * * *
You are poisoned.
The black mamba poisons you!
You closely miss the black mamba. Your headbutt misses the black mamba.
The black mamba is moderately wounded.
You feel very sick. The black mamba bites you.
* * * LOW HITPOINT WARNING * * *
You are lethally poisoned!
The black mamba poisons you!
You barely miss the black mamba.
The black mamba is moderately wounded.
* * * LOW HITPOINT WARNING * * *
You feel very sick. The black mamba misses you. The black mamba bites you!
You die...
Your body crumbles into a pile of gold.

## ###.### #######.....##
...#.........#
###.............#
#......(.......####
#..#......(...#S..# #...#
..##....>.....#.@.#####
....# ....##
(.....##.#.....###...##
..#..########
#..###....##...##
...#...###
##...####..#....##
...###...## ##...#
#####....# ...# ###..##
#...#####.......### ...#
##..#####................#
...##
#.##..###..#..#..#.#......
....#
#####..#####...##.###.....


You could see a black mamba (poisoned).

Vanquished Creatures
  A black mamba (Lair:1)
  A cane toad (Lair:1)
  2 komodo dragons
  Grinder (D:3)
  Sigmund (D:5)
  Eustachio (D:6)
  3 yaks
  2 wyverns
  A steam dragon (D:7)
  A basilisk (Lair:1)
  5 water moccasins
  6 black bears
  2 ogres
  A kobold brigand (D:7)
  11 bullfrogs
  A gnoll sergeant (D:7)
  4 scorpions
  6 wights
  An electric eel (D:8)
  A bombardier beetle (D:4)
  3 hounds
  A jelly (D:5)
  An orc priest (D:6)
  A sleepcap (D:6)
  Natasha (twice) (D:3)
  2 iguanas (D:5)
  11 adders
  A gnoll (D:1)
  3 shadow imps
  A white imp (D:6)
  4 dart slugs
  A ribbon worm (D:4)
  12 orcs
  8 ball pythons
  5 bats
  3 endoplasms
  4 giant cockroaches
  13 goblins
  10 hobgoblins
  14 jackals
  A quokka (D:1)
  3 frilled lizards
  10 kobolds
  3 rats
169 creatures vanquished.

Notes
Turn   | Place    | Note
-------+----------+-------------------------------------------
     0 | D:1      | Kass the Oni Brigand began the quest for the Orb.
     0 | D:1      | Reached XP level 1. HP: 22/22 MP: 1/1
    70 | D:1      | Reached skill level 1 in Dodging
   160 | D:1      | Reached XP level 2. HP: 23/29 MP: 2/2
   167 | D:1      | Reached skill level 3 in Fighting
   312 | D:1      | HP: 1/31 [gnoll/+0 whip (5)]
   318 | D:1      | Reached XP level 3. HP: 2/37 MP: 3/3
  1019 | D:2      | Reached XP level 4. HP: 48/48 MP: 4/4
  1310 | D:2      | Found Owiqoot's Jewellery Shop.
  1667 | D:3      | Reached skill level 4 in Fighting
  1678 | D:3      | Identified the +3 flail of Sunlight {antimagic, ^Drain rC++
                  | rN+++ Int+3}
  1745 | D:3      | Found a glowing silver altar of Zin.
  1884 | D:3      | Found Opotsec's Weapon Emporium.
  2105 | D:3      | Noticed Natasha
  2117 | D:3      | Killed Natasha
  2118 | D:3      | Reached XP level 5. HP: 53/54 MP: 5/5
  2133 | D:3      | Noticed Natasha
  2147 | D:3      | Killed Natasha
  2431 | D:3      | Noticed Grinder
  2478 | D:3      | Paralysed by Grinder for 3 turns
  2481 | D:3      | Killed Grinder
  2482 | D:3      | Reached skill level 5 in Fighting
  2482 | D:3      | Reached XP level 6. HP: 9/66 MP: 0/6
  3137 | D:4      | Found an ornate altar of the Wu Jian Council.
  3166 | D:4      | Noticed a black bear
  3199 | D:4      | Killed a black bear
  3200 | D:4      | Reached XP level 7. HP: 54/72 MP: 4/7
  4435 | D:5      | Entered Level 5 of the Dungeon
  4582 | D:5      | Reached skill level 6 in Fighting
  4710 | D:5      | Found Ufyu's Self-Published Books.
  4710 | D:5      | Noticed Sigmund
  4854 | D:5      | Killed Sigmund
  4855 | D:5      | Reached XP level 8. HP: 36/84 MP: 5/8
  5028 | D:5      | Found a staircase to the Ecumenical Temple.
  5095 | Temple   | Entered the Ecumenical Temple
  5102 | Temple   | Became a worshipper of Gozag Ym Sagoz the Greedy
  5818 | D:6      | Reached skill level 5 in Throwing
  6081 | D:6      | Reached skill level 5 in Stealth
  6093 | D:6      | Reached skill level 7 in Fighting
  6563 | D:6      | Reached XP level 9. HP: 89/93 MP: 9/9
  7072 | D:7      | Found a transporter.
  7080 | D:7      | Noticed a moth of wrath
  7085 | D:7      | Noticed Mandevil's ghost (novice AtCj)
  7086 | D:7      | Found the brooch of Shielding {Spirit SH+8}
  7263 | D:7      | Noticed Eustachio
  7299 | D:6      | Killed Eustachio
  7300 | D:6      | Reached skill level 5 in Dodging
  7515 | D:7      | Found a transporter.
  7672 | D:7      | Found a sand-covered staircase.
  7957 | D:7      | Reached skill level 8 in Fighting
 10345 | D:8      | Found a staircase to the Lair.
 10346 | D:8      | Noticed a komodo dragon
 10381 | D:8      | Killed a komodo dragon
 10382 | D:8      | Reached skill level 5 in Short Blades
 10382 | D:8      | Reached XP level 10. HP: 58/104 MP: 6/10
 10568 | Lair:1   | Entered Level 1 of the Lair of Beasts
 10578 | Lair:1   | Reached skill level 9 in Fighting
 10809 | Lair:1   | Noticed a cane toad
 10821 | Lair:1   | Killed a cane toad
 10871 | Lair:1   | Noticed a black mamba
 10884 | Lair:1   | Killed a black mamba
 11271 | Lair:1   | Learned a level 1 spell: Kiss of Death
 11274 | Lair:1   | Learned a level 2 spell: Cigotuvi's Dreadful Rot
 11687 | Lair:1   | Noticed a cane toad
 11812 | Lair:1   | Reached skill level 1 in Necromancy
 12045 | Lair:1   | Noticed a black mamba
 12061 | Lair:1   | HP: 2/87 [poisoned by a black mamba]
 12065 | Lair:1   | Mangled by a black mamba

Illustrated notes

Levels and vault maps discovered:
D:1:      dpeg_arrival_arbitrary_a, layout_basic
D:2:      layout_loops_ring, serial_shops, nicolae_shop_pleasant_corner_grove
D:3:      layout_loops_corners, lemuel_coloured_pillars_altar, serial_shops,
          nicolae_shop_back_alley_shop, grunt_ministairs_4,
          minmay_misc_feat_five, uniq_grinder, uniq_natasha
D:4:      layout_loops_corners, lemuel_tele_altar, minmay_ogre_servants
D:5:      wad_lake_hut, layout_basic, minmay_temple_entry_antechambers,
          nicolae_custom_books, uniq_sigmund
D:6:      layout_loops_ring
D:7:      layout_basic, chequers_ossuary_entry_cave,
          gammafunk_ghost_berserking_beasts, sword_in_stone
D:8:      layout_basic, david_lair_shrubbed, serial_corexii_hall,
          corexii_hall_statues_u, chequers_hall_statues_wall_a,
          corexii_hall_statues_x, corexii_hall_statues_i, serial_shops, shop,
          chequers_big_river, uniq_jeremiah
Temple:   nicolae_temple_no_exploring_needed
Lair:1:   layout_cave_pods, chequers_serial_rivers_small_3,
          chequers_serial_rivers_small_b, beast_lair_carwin_9

Skill      XL: |  1  2  3  4  5  6  7  8  9 10 |
---------------+-------------------------------+-----
Stealth        | 3 4 5 6 |  6.7
Dodging        | 1 2 3 4 5 6 |  6.6
Fighting       | 3 4 5 6 7 8 9 |  9.9
Throwing       | 3 4 5 6 7 |  7.5
Short Blades   | 2 3 5 |  5.9
Necromancy     | 1 |  1.0

Action                     |  1- 3 |  4- 6 |  7- 9 | 10-12 || total
---------------------------+-------+-------+-------+-------++-------
  Melee: Dagger            |    80 |   129 |   322 |   120 ||   651
         Headbutt          |    10 |    20 |    53 |    32 ||   115
         Punch             |       |     1 |     2 |     1 ||     4
  Throw: Dart              |    17 |    31 |    96 |    21 ||   165
   Cast: Cigotuvi's Dreadf |       |       |       |     3 ||     3
         Kiss of Death     |       |       |       |     1 ||     1
    Use: Potion            |       |     3 |       |     2 ||     5
         Scroll            |       |       |     2 |       ||     2
   Stab: Sleeping          |     4 |     4 |     5 |     4 ||    17
 Armour: Robe              |    42 |    97 |   246 |    73 ||   458
  Dodge: Dodged            |    42 |    80 |   156 |    49 ||   327
